 Dungeon Crawl Stone Soup version 0.22.0-6-g71bd7aa (webtiles) character file.

9011 Rwicked the Geomancer (level 11, -2/64 HPs)
             Began as a Gargoyle Earth Elementalist on Aug 14, 2018.
             Was a Priest of Vehumet.
             Killed by divine providence
             ... invoked by an orc priest
              (11 damage)
             ... on level 10 of the Dungeon.
             The game lasted 00:38:20 (11615 turns).

Rwicked the Geomancer (GrEE)                       Turns: 11615, Time: 00:38:20

Health: -2/64      AC: 13    Str: 12    XL:     11   Next: 39%
Magic:  0/21       EV: 13    Int: 19    God:    Vehumet [***...]
Gold:   490        SH:  0    Dex: 10    Spells: 12/24 levels left

rFire    . . .     SeeInvis .   u - +2 spear (curse)
rCold    . . .     Gourm    +   (no shield)
rNeg     + . .     Faith    .   H - +0 robe {MR+}
rPois    ∞         Spirit   +   t - +1 helmet
rElec    +         Reflect  .   r - scarf {Spirit}
rCorr    .         Harm     .   j - +0 pair of gloves
MR       +....                  (no boots)
Stlth    ++........             l - amulet of the gourmand
HPRegen  0.20/turn              f - ring of wizardry
MPRegen  0.17/turn              (no ring)

@: about to teleport
A: negative energy resistance 1, electricity resistance, unbreathing,
petrification resistance, rot immunity, AC +8
a: Renounce Religion


You were on level 10 of the Dungeon.
You worshipped Vehumet.
Vehumet was most pleased with you.
You were completely stuffed.

You visited 2 branches of the dungeon, and saw 11 of its levels.

You collected 578 gold pieces.
You spent 88 gold pieces at shops.

Inventory:

Hand Weapons
 a - a +1 whip of pain
 n - a +0 mace of holy wrath
 q - a +3 quarterstaff of chaos
 s - the +10 spear of the Scorpion {pain, Str+3}
   (You found it on level 5 of the Dungeon)

   In the hands of one skilled in necromantic magic, it inflicts extra damage on
   living creatures.
   It affects your strength (+3).
 u - a cursed +2 spear (weapon)
 v - a cursed -1 trident
Missiles
 b - 109 stones (quivered)
Armour
 j - a +0 pair of gloves (worn)
 r - a scarf of spirit shield (worn)
 t - a +1 helmet (worn)
 D - a +0 robe of positive energy
 H - a +0 robe of magic resistance (worn)
Jewellery
 f - a ring of wizardry (left hand)
 l - an amulet of the gourmand (around neck)
Wands
 k - a wand of acid (13)
 p - a wand of polymorph (5)
 x - a wand of iceblast (15)
 y - a wand of flame (29)
 z - a wand of clouds (6)
 I - a wand of enslavement (21)
Scrolls
 g - 4 scrolls of magic mapping
 o - 2 scrolls of immolation
 A - 2 scrolls of enchant weapon
 B - 4 scrolls of identify
 F - a scroll of teleportation
Potions
 c - a potion of lignification {unknown}
 e - 2 potions of flight {unknown}
 h - 5 potions of curing
 i - 2 potions of degeneration {unknown}
 m - 3 potions of berserk rage {unknown}
 w - a potion of mutation {unknown}
 C - a potion of brilliance {unknown}
 E - a potion of invisibility {unknown}
 G - a potion of might {unknown}
Comestibles
 d - 24 rations
 J - 2 chunks of flesh


   Skills:
 + Level 5.5 Fighting
 + Level 4.5 Polearms
 + Level 5.4 Armour
 + Level 4.6 Dodging
 - Level 2.1 Stealth
 + Level 7.1 Spellcasting
 + Level 7.8 Conjurations
   Level 0.7 Transmutations
 + Level 2.3 Fire Magic
 + Level 9.6 Earth Magic
 + Level 4.5 Evocations


You had 12 spell levels left.
You knew the following spells:

 Your Spells              Type           Power        Failure   Level  Hunger
a - Sandblast             Erth           #####.       1%          1    None
b - Stone Arrow           Conj/Erth      #####.       1%          3    #......
c - Lee's Rapid Deconstr  Erth           #####.....   1%          5    #####..
d - Inner Flame           Hex/Fire       ##......     2%          3    #......

Your spell library contained the following spells:

 Spells                   Type           Power        Failure   Level  Hunger
 Lightning Bolt           Conj/Air       ###.......   7%          5    #####..
 Summon Small Mammal      Summ           #...         4%          1    None
 Summon Ice Beast         Ice/Summ       #.......     36%         4    ###....
 Call Imp                 Summ           #.......     6%          2    None
 Shock                    Conj/Air       ###.         1%          1    None
 Swiftness                Chrm/Air       #.......     6%          2    None
 Airstrike                Air            #.........   11%         4    ###....
 Passwall                 Tmut/Erth      ####....     1%          2    None
 Call Canine Familiar     Summ           #.......     12%         3    #......
 Static Discharge         Conj/Air       ###.....     1%          3    #......
 Petrify                  Tmut/Erth      ####....     4%          4    ###....
 Summon Lightning Spire   Summ/Air       #.......     36%         4    ###....
 Summon Guardian Golem    Hex/Summ       #.......     12%         3    #......


Dungeon Overview and Level Annotations

Branches:
Dungeon (10/15)            Temple (1/1) D:4            Lair (0/6) D:10
    Orc (0/2) D:10

Altars:
Ashenzari
Cheibriados
Dithmenos
Elyvilon
Fedhas
Gozag
Hepliaklqana
Kikubaaqudgha
Makhleb
Nemelex Xobeh
Okawaru
Qazlal
Ru
Sif Muna
Trog
Uskayaw
Vehumet
Wu Jian
Xom
Yredelemnul
Zin
The Shining One

Shops:
D:7 *   D:8 %   D:10 [


Innate Abilities, Weirdness & Mutations

You are resistant to torment.
Your stone body is resilient. (AC +8)
You are immune to poison.
You resist negative energy. (rN+)
You are resistant to electric shocks. (rElec)
You can survive without breathing.
You are immune to petrification.
You are immune to rotting.


Message History

The orc priest hits you but does no damage.
You closely miss the orc priest.
The orc priest is heavily wounded.
The orc priest hits you but does no damage. x2
You barely miss the orc priest.
The orc priest is heavily wounded.
The orc priest hits you with a flail.
You hit the orc priest.
The orc priest is severely wounded.
The orc priest calls upon Beogh to heal the orc priest.
The orc priest is healed somewhat.
The orc priest invokes the aid of Beogh against you.
Beogh smites you!
* * * LOW HITPOINT WARNING * * *
You can't unwield your weapon to draw a new one!
As you read the scroll of teleportation, it crumbles to dust.
You feel strangely unstable.
The orc priest calls down the wrath of Beogh upon you.
Beogh smites you!
You die...

.# ............### #.# #
.# #.......#....## #.# #
.# ##.....###....###.# #
.# ##.8.8.###..8..##.# #
.# #.......#......##.# #
.# #..#+#..#..#+#..#.# #
.# #.##.##.#.## ##.#.# #
.# # #.? #.#. #.#.# # .#
.? #@#. #.#.# # .# #
#.##o#.# ##.#.# # .#
#..#'#o.#..#+#..#.# # .#
+...)...+.......#.######
.#
##.8.8.###..8..##.....>.
.#
###...#####...###.......
.# #.#####.# #...#
#....... .# ###.......#
#..## #..####. .#
....>.....###.#####..#
#.


You could see 2 orc priests.

Vanquished Creatures
  Pikel (D:6)
  Psyche (D:8)
  A kobold demonologist (D:9)
  A troll (D:8)
  A hippogriff (D:9)
  A wyvern (D:8)
  10 yaks
  3 hogs (D:9)
  A human (D:9)
  A hungry ghost (D:10)
  A water moccasin (D:7)
  Duvessa (D:7)
  Menkaure (D:6)
  A porcupine (D:10)
  5 orc warriors
  2 ice beasts
  2 phantoms
  A sky beast (D:9)
  A centaur (D:9)
  7 ogres
  16 big kobolds (D:9)
  4 bullfrogs
  Dowan (D:7)
  2 scorpions
  7 killer bees
  9 wights
  3 crimson imps
  2 bullfrog zombies (D:6)
  A quasit (D:6)
  3 hounds
  2 jellies
  2 orc priests
  A centaur skeleton (D:6)
  A gnoll shaman (D:5)
  Crazy Yiuf (D:3)
  3 iguanas
  4 orc wizards
  4 worker ants
  3 killer bee zombies
  A worker ant zombie (D:9)
  11 adders
  3 gnolls (D:5)
  An adder skeleton (D:10)
  3 worms
  A dart slug (D:1)
  6 leopard geckos
  26 orcs
  4 giant cockroaches
  4 goblins
  9 hobgoblins
  18 jackals
  11 kobolds
  A quokka (D:7)
  6 bats
  3 frilled lizards
  5 rats
225 creatures vanquished.

Vanquished Creatures (others)
  2 fungi (D:10)
2 creatures vanquished.

Grand Total: 227 creatures vanquished

Notes
Turn   | Place    | Note
-------+----------+-------------------------------------------
     0 | D:1      | Rwicked the Gargoyle Earth Elementalist began the quest for the Orb.
     0 | D:1      | Reached XP level 1. HP: 10/10 MP: 3/3
   155 | D:1      | Reached skill level 4 in Earth Magic
   155 | D:1      | Reached XP level 2. HP: 13/15 MP: 5/5
   544 | D:1      | Reached XP level 3. HP: 7/19 MP: 6/6
   844 | D:1      | Learned a level 3 spell: Stone Arrow
  1292 | D:2      | Reached skill level 1 in Conjurations
  1486 | D:2      | Reached XP level 4. HP: 22/24 MP: 5/8
  1679 | D:2      | Found a shattered altar of Ashenzari.
  1679 | D:2      | Found a bloodstained altar of Trog.
  1685 | D:2      | Found a glowing golden altar of the Shining One.
  1687 | D:2      | Found a hide-covered altar of Uskayaw.
  1688 | D:2      | Found a sacrificial altar of Ru.
  2068 | D:3      | Found a runed door.
  2072 | D:3      | Noticed Crazy Yiuf
  2076 | D:3      | Killed Crazy Yiuf
  2076 | D:3      | Reached skill level 5 in Earth Magic
  2126 | D:3      | Reached XP level 5. HP: 20/28 MP: 9/9
  2137 | D:3      | Learned a level 5 spell: Lee's Rapid Deconstruction
  2715 | D:4      | Found a staircase to the Ecumenical Temple.
  2737 | Temple   | Entered the Ecumenical Temple
  2753 | Temple   | Became a worshipper of Vehumet
  3292 | D:4      | Noticed an ogre
  3297 | D:4      | Killed an ogre
  3297 | D:4      | Reached XP level 6. HP: 32/32 MP: 7/12
  3685 | D:5      | Entered Level 5 of the Dungeon
  3870 | D:5      | Reached skill level 6 in Earth Magic
  3908 | D:5      | Got a scorched spear
  3909 | D:5      | Identified the +10 spear of the Scorpion {pain, Str+3} (You found it on level 5 of the Dungeon)
  3937 | D:5      | Reached XP level 7. HP: 25/36 MP: 13/13
  4209 | D:5      | Found a sparkling altar of Nemelex Xobeh.
  4902 | D:6      | Reached skill level 7 in Earth Magic
  5146 | D:6      | You fall through a shaft for 2 floors!
  5172 | D:8      | Reached skill level 5 in Spellcasting
  5250 | D:7      | Reached skill level 5 in Conjurations
  5250 | D:7      | Reached XP level 8. HP: 41/41 MP: 11/15
  5313 | D:7      | Reached skill level 1 in Armour
  5330 | D:7      | Reached * piety under Vehumet
  5330 | D:7      | Offered knowledge of Magic Dart by Vehumet.
  5330 | D:7      | Reached skill level 1 in Fighting
  5338 | D:7      | Reached skill level 1 in Polearms
  5338 | D:7      | Reached skill level 1 in Evocations
  5409 | D:7      | Found an ancient bone altar of Kikubaaqudgha.
  5433 | D:7      | Found Utanlacom's General Store.
  5447 | D:7      | Noticed Duvessa
  5447 | D:7      | Noticed Dowan
  5455 | D:7      | Killed Duvessa
  5458 | D:7      | Killed Dowan
  5481 | D:6      | Noticed Menkaure
  5490 | D:6      | Killed Menkaure
  5600 | D:6      | Noticed Pikel
  5620 | D:6      | Killed Pikel
  5620 | D:6      | Reached skill level 8 in Earth Magic
  5620 | D:6      | Reached XP level 9. HP: 39/49 MP: 5/17
  6382 | D:7      | Identified a scroll of acquirement
  6784 | D:8      | Noticed Psyche
  6786 | D:8      | Killed Psyche
  6818 | D:8      | Found Woihef's Food Emporium.
  6973 | D:8      | Reached XP level 10. HP: 56/56 MP: 16/19
  6984 | D:8      | Offered knowledge of Freeze by Vehumet.
  7226 | D:8      | Reached ** piety under Vehumet
  8225 | D:9      | Noticed a kobold demonologist
  8232 | D:9      | Killed a kobold demonologist
  8269 | D:9      | Reached skill level 9 in Earth Magic
  8290 | D:9      | Offered knowledge of Inner Flame by Vehumet.
  8295 | D:9      | Learned a level 3 spell: Inner Flame
  8626 | D:10     | Entered Level 10 of the Dungeon
  8945 | D:9      | Reached skill level 1 in Fire Magic
  8972 | D:9      | Found a burning altar of Makhleb.
  9019 | D:9      | Found a white marble altar of Elyvilon.
  9033 | D:9      | Found a stormy altar of Qazlal.
  9151 | D:9      | Reached *** piety under Vehumet
  9480 | D:8      | Reached skill level 5 in Fighting
  9480 | D:8      | Reached skill level 5 in Armour
  9480 | D:8      | Reached XP level 11. HP: 7/63 MP: 3/21
  9898 | D:9      | Found a basalt altar of Yredelemnul.
 10692 | D:10     | Found a staircase to the Lair.
 10981 | D:10     | Offered knowledge of Conjure Flame by Vehumet.
 11239 | D:10     | Found Tiraoma's Antique Armour Shoppe.
 11260 | D:10     | Bought an embroidered robe for 88 gold pieces
 11577 | D:10     | Found a staircase to the Orcish Mines.
 11615 | D:10     | Killed from afar by an orc priest

Skill      XL: |  1  2  3  4  5  6  7  8  9 10 11 |
---------------+----------------------------------+-----
Earth Magic    | 4 5 6 7 8 9 |  9.6
Conjurations   | 1 3 5 6 7 |  7.8
Spellcasting   | 3 4 5 6 7 |  7.1
Armour         | 2 3 5 |  5.4
Fighting       | 2 3 5 |  5.5
Polearms       | 2 3 4 |  4.5
Dodging        | 2 3 4 |  4.6
Evocations     | 2 3 4 |  4.5
Fire Magic     | 1 2 |  2.3
Stealth        | |  2.1
Transmutations | |  0.7

Action                   |  1- 3 |  4- 6 |  7- 9 | 10-12 || total
-------------------------+-------+-------+-------+-------++-------
Melee: Whip              |   102 |    34 |       |       ||   136
       Mace              |       |    49 |       |       ||    49
       Spear             |       |     5 |    89 |   251 ||   345
 Cast: Sandblast         |     7 |    46 |    88 |    51 ||   192
       Stone Arrow       |       |       |     6 |    69 ||    75
       Lee's Rapid Decon |       |       |       |     8 ||     8
  Use: Scroll            |       |    10 |     2 |     4 ||    16
 Stab: Sleeping          |       |     4 |     1 |     3 ||     8
       Distracted        |       |       |       |     1 ||     1
  Eat: Chunk             |     4 |    16 |    10 |    18 ||    48
Armor: Robe              |    47 |    36 |    67 |   109 ||   259
Dodge: Dodged            |    82 |    68 |    74 |   167 ||   391
